 Dungeon Crawl Stone Soup version 0.30-b1-2-g02819fbbbe (webtiles) character file.

Game seed: 3760028544547412785

3250 Alarkh the Skirmisher (level 9, -5/72 HPs)
             Began as a Demonspawn Hexslinger on July 9, 2023.
             Was a Believer of Uskayaw.
             Slain by a wyvern (9 damage)
             ... on level 8 of the Dungeon.
             The game lasted 00:11:27 (6792 turns).

Alarkh the Skirmisher (Demonspawn Hexslinger)       Turns: 6792, Time: 00:11:28

Health: -5/72      AC:  9    Str:  7 (10) XL:     9   Next: 67%
Magic:  13/13      EV: 17    Int: 16 (18) God:    Uskayaw [**....]
Gold:   466        SH:  0    Dex: 14 (15) Spells: 7/10 levels left

rFire   . . .        a - +0 shortbow
rCold   + . .        (shield currently unavailable)
rNeg    . . .        m - +2 robe {rC+}
rPois   .            (helmet unavailable)
rElec   .            i - +0 cloak
rCorr   .            A - +1 pair of gloves
SInv    .            (no boots)
Will    .....        B - amulet of regeneration
Stlth   +            g - +5 ring of evasion
HPRegen 1.12/turn    l - ring of flight
MPRegen 0.13/turn

%: no passive effects
@: flying
A: horns 3, yellow scales 1, powered by death 1
a: Renounce Religion, Stomp, Line Pass


You were on level 8 of the Dungeon.
You worshipped Uskayaw.
Uskayaw was noncommittal.
You visited 2 branches of the dungeon, and saw 9 of its levels.
You also visited: Sewer.

You collected 466 gold pieces.

Inventory:

Hand Weapons
 a - a +0 shortbow (weapon)
 b - a +0 dagger of venom
 p - a +5 scimitar
 F - a +1 sling
Armour
 i - a +0 cloak (worn)
 m - a +2 robe of cold resistance (worn)
 A - a +1 pair of gloves (worn)
Jewellery
 g - a +5 ring of evasion (left hand)
 l - a ring of flight (right hand)
 B - an amulet of regeneration (around neck)
Wands
 y - a wand of charming (21)
 E - a wand of flame (13)
 H - a wand of polymorph (10)
Scrolls
 c - 4 scrolls of amnesia
 d - a scroll of butterflies
 e - 3 scrolls of magic mapping
 j - 2 scrolls of fog
 o - 3 scrolls of blinking
 r - 5 scrolls of teleportation
 u - a scroll of immolation {unknown}
 w - a scroll of enchant armour {unknown}
 C - a scroll of noise {unknown}
 G - 2 scrolls of poison
 K - a scroll of brand weapon {unknown}
Potions
 f - 3 potions of degeneration
 h - 4 potions of cancellation
 n - 3 potions of flight
 q - 5 potions of lignification
 s - 2 potions of heal wounds {unknown}
 t - a potion of mutation
 v - 2 potions of brilliance {unknown}
 x - a potion of might
 z - 4 potions of curing
 D - a potion of resistance
 I - a potion of berserk rage
 J - a potion of invisibility {unknown}


   Skills:
 + Level 7.5 Fighting
 * Level 10.0 Ranged Weapons
 - Level 1.7 Dodging
 - Level 1.0 Spellcasting
 - Level 3.0 Hexes
 + Level 5.3 Invocations


You had 7 spell levels left.
You knew the following spells:

 Your Spells              Type           Power      Damage    Failure   Level
a - Inner Flame           Hex/Fire       5%         N/A       36%         3

Your spell library contained the following spells:

 Spells                   Type           Power      Damage    Failure   Level
 Slow                     Hex            40%        N/A       7%          1
 Dazzling Flash           Conj/Hex       10%        N/A       36%         3
 Portal Projectile        Hex/Tloc       10%        N/A       36%         3
 Cause Fear               Hex            5%         N/A       54%         4
 Frozen Ramparts          Ice            0%         1d1       56%         3
 Flame Wave               Conj/Fire      0%         2d4       92%         4
 Ice Form                 Ice/Tmut       0%         N/A       92%         4
 Sticky Flame             Conj/Fire      0%         2d3       92%         4
 Summon Ice Beast         Ice/Summ       0%         N/A       92%         4
 Silence                  Hex/Air        2%         N/A       98%         5
 Agony                    Necr           0%         N/A       99%         5


Dungeon Overview and Level Annotations

Branches:
Dungeon (8/15)             Temple (1/1) D:5           Sewer (visited)
   Lair: D:8-11

Altars:
Ashenzari
Cheibriados
Dithmenos
Fedhas
Gozag
Hepliaklqana
Kikubaaqudgha
Makhleb
Nemelex Xobeh
Okawaru
Qazlal
Ru
Sif Muna
Trog
Uskayaw
Vehumet
Wu Jian
Xom
Yredelemnul

Portals:
Abyss: D:3

Annotations:
D:3 2 transporters, 1 runed translucent door, Crazy Yiuf; Vruhak's ghost, amateur FoMo
D:7 2 transporters, Arzdou's ghost, novice GnCA


Innate Abilities, Weirdness & Mutations

You have a pair of large horns on your head.
You are partially covered in yellow scales. (AC +2)
You regenerate a little health from kills.


Message History

A wight and a wyvern come into view.
The wyvern hisses angrily.
There are monsters nearby!
There are monsters nearby!
You shoot an arrow.
The arrow hits the wyvern but does no damage.
The wyvern completely misses you. The wyvern closely misses you.
You shoot an arrow. The arrow barely misses the wyvern.
The wyvern completely misses you.
You shoot an arrow.
The arrow hits the wyvern but does no damage.
The wyvern bites you! The wyvern completely misses you.
You shoot an arrow. The arrow barely misses the wyvern.
The arrow hits the wight!
The wight is severely damaged.
The wyvern closely misses you.
You shoot an arrow. The arrow hits the wyvern!
The wyvern is moderately wounded.
The wyvern bites you. The wyvern barely misses you.
You can now pass through a line of other dancers.
You shoot an arrow.
The arrow hits the wyvern but does no damage.
The wyvern is moderately wounded.
The wyvern bites you!
You shoot an arrow. The arrow hits the wyvern.
The wyvern is heavily wounded.
The wyvern completely misses you. The wyvern bites you!
You are too injured to fight recklessly!
You are too injured to fight recklessly!
You are too injured to fight recklessly!
You shoot an arrow. The arrow hits the wyvern.
The wyvern is severely wounded.
The wyvern bites you!
* * * LOW HITPOINT WARNING * * *
You shoot an arrow. The arrow hits the wyvern.
The wyvern is almost dead.
The wyvern bites you!
* * * LOW HITPOINT WARNING * * *
The wyvern bites you!
You die...

.# # ## ##### #
.. #.#. #..#..#
.##.. .#.###..
#..# .... ...#..
#..##.. #....
#..#.# #.z.##
##.#.# #l#.#
#.#..# # #@.##
##.#.#.. ##..##
##..#.#.#
##..#####..##...#
##..#.#..##....#
##..#..##......
#######..#.#.#
#.# #.........
#.# #....#.#.#
#.# #....#.#..


You could see a wyvern and a wight.

Vanquished Creatures
  Pikel (D:6)
  An ice beast (D:6)
  3 orc warriors
  2 centaurs
  Blork the orc (D:5)
  A kobold brigand (D:5)
  2 bullfrogs
  2 scorpions
  7 wights
  8 killer bees (D:7)
  4 hounds
  2 gnoll boudas
  3 orc priests
  4 jellies
  Ijyb (D:5)
  4 orc wizards
  7 iguanas
  16 gnolls
  11 adders
  5 river rats (Sewer)
  A shadow imp (D:6)
  2 white imps (D:6)
  3 ufetubi
  2 worms
  3 dart slugs
  10 orcs
  12 bats
  4 endoplasms
  7 giant cockroaches
  9 goblins
  5 hobgoblins
  15 kobolds
  7 quokkas
  6 ball pythons
  9 frilled lizards
  11 rats
191 creatures vanquished.

Notes
Turn   | Place    | Note
-------+----------+-------------------------------------------
     0 | D:1      | Alarkh the Demonspawn Hexslinger began the quest for the
                  | Orb.
     0 | D:1      | Reached XP level 1. HP: 15/15 MP: 2/2
   114 | D:1      | Reached skill level 2 in Ranged Weapons
   161 | D:1      | Gained mutation: You regenerate a little health from kills.
                  | [demonic ancestry]
   161 | D:1      | Reached XP level 2. HP: 17/21 MP: 3/3
   518 | D:1      | Reached XP level 3. HP: 27/27 MP: 4/4
   717 | D:2      | Found a faded altar of an unknown god.
   806 | D:2      | Reached skill level 3 in Ranged Weapons
  1460 | D:3      | Noticed a small abomination
  1463 | D:3      | Noticed a toenail golem
  1470 | D:3      | Found a one-way gate to the infinite horrors of the Abyss.
  1470 | D:3      | Noticed Vruhak's ghost (amateur FoMo)
  1478 | D:3      | Found a transporter.
  1532 | D:3      | Found a glowing drain.
  1564 | Sewer    | Entered a sewer
  1582 | Sewer    | Gained mutation: You are partially covered in yellow
                  | scales. (AC +2) [demonic ancestry]
  1582 | Sewer    | Reached XP level 4. HP: 32/33 MP: 5/5
  2027 | Sewer    | Reached skill level 4 in Ranged Weapons
  2060 | Sewer    | Reached XP level 5. HP: 40/40 MP: 6/6
  2344 | D:3      | Found a runed translucent door.
  2345 | D:3      | Noticed Crazy Yiuf
  2447 | D:3      | Found a transporter.
  2815 | D:4      | Reached skill level 5 in Ranged Weapons
  2815 | D:4      | Gained mutation: You have a pair of small horns on your
                  | head. [demonic ancestry]
  2815 | D:4      | Reached XP level 6. HP: 47/47 MP: 7/7
  2875 | D:4      | Found a shimmering altar of Xom.
  3052 | D:4      | Found a sparkling altar of Nemelex Xobeh.
  3052 | D:4      | Found a hide-covered altar of Uskayaw.
  3061 | D:4      | Found a bloodstained altar of Trog.
  3063 | D:4      | Found a snail-covered altar of Cheibriados.
  3114 | D:4      | Became a worshipper of Uskayaw the Reveller
  3200 | D:4      | Reached * piety under Uskayaw
  3274 | D:5      | Entered Level 5 of the Dungeon
  3283 | D:5      | Reached ** piety under Uskayaw
  3292 | D:5      | Noticed Blork the orc
  3305 | D:5      | Reached *** piety under Uskayaw
  3318 | D:5      | Killed Blork the orc
  3412 | D:5      | Found a blossoming altar of Fedhas.
  3412 | D:5      | Found a burning altar of Makhleb.
  3421 | D:5      | Gained mutation: You have a pair of horns on your head.
                  | [demonic ancestry]
  3421 | D:5      | Reached XP level 7. HP: 52/54 MP: 8/8
  3443 | D:5      | Reached **** piety under Uskayaw
  3448 | D:5      | Reached skill level 6 in Ranged Weapons
  3451 | D:5      | Reached ***** piety under Uskayaw
  3497 | D:5      | Found a radiant altar of Vehumet.
  3500 | D:5      | Found an opulent altar of Gozag.
  3529 | D:5      | Noticed Ijyb
  3562 | D:5      | Killed Ijyb
  3859 | D:5      | Found a staircase to the Ecumenical Temple.
  3877 | D:5      | Reached skill level 5 in Fighting
  3892 | D:5      | Reached skill level 7 in Ranged Weapons
  3910 | Temple   | Entered the Ecumenical Temple
  4309 | D:5      | Gained mutation: You have a pair of large horns on your
                  | head. [demonic ancestry]
  4309 | D:5      | Reached XP level 8. HP: 57/62 MP: 9/9
  4546 | D:6      | Reached skill level 8 in Ranged Weapons
  4775 | D:6      | Reached skill level 1 in Invocations
  5025 | D:6      | Noticed Pikel
  5051 | D:6      | Killed Pikel
  5052 | D:6      | Reached skill level 9 in Ranged Weapons
  5052 | D:6      | Reached XP level 9. HP: 62/71 MP: 9/11
  5181 | D:6      | Learned a level 3 spell: Inner Flame
  5798 | D:7      | Found a transporter.
  5798 | D:7      | Noticed Arzdou's ghost (novice GnCA)
  5800 | D:7      | Found a transporter.
  5800 | D:7      | Identified the +3 dire flail "Pendulum" {drain, Str+3}
  5800 | D:7      | Noticed a two-headed ogre
  5868 | D:7      | HP: 3/72 [orc warrior/+1 vampiric scimitar (11)]
  6382 | D:7      | Identified the +9 war axe of the Sharp God {venom, rPois
                  | rC- rCorr}
  6581 | D:7      | Reached skill level 5 in Invocations
  6719 | D:8      | Reached skill level 10 in Ranged Weapons
  6792 | D:8      | Slain by a wyvern

Illustrated notes

Levels and vault maps discovered:
D:1:      amcnicky_arrival_abandoned_market, layout_basic, minmay_pentomino_q4
D:2:      layout_loops_ring, basic_ecumenical_altar
D:3:      layout_basic, gammafunk_ghost_abyssal_escape, portal_sewer_entry_f,
          uniq_crazy_yiuf_cottage
D:4:      layout_cave_pools, mainiacjoe_overflow_small_starburst,
          chequers_temple_overflow_minitemple, eino_tiny_chamber
D:5:      layout_loops_ring, grunt_temple_overflow_cloverleaf, temple_doors_ab,
          uniq_ijyb, uniq_blork_the_orc
D:6:      layout_layer_cave, lemuel_tele_altar, uniq_pikel
D:7:      layout_basic, gammafunk_ghost_smash, nicolae_underground_beach
D:8:      minmay_the_grid_octo_triangle [minmay_the_grid_octo_teeth,
          minmay_the_grid_octo_prize_single_spiral,
          minmay_the_grid_octo_fat_diamond], layout_basic, serial_glass,
          glass_columns_b, glass_columns_c, nicolae_shop_fire_sale
          [nicolae_sub_dead_trees], water_boxes_lemuel
Temple:   grunt_temple_mini_profane

Skill      XL: |  1  2  3  4  5  6  7  8  9 |
---------------+----------------------------+-----
Ranged Weapons | 2 3 4 5 7 9 10 | 10.0
Fighting       | 2 3 4 5 6 7 |  7.5
Invocations    | 3 5 |  5.3
Dodging        | |  1.7
Spellcasting   | |  1.0
Hexes          | |  3.0

Action                     |  1- 3 |  4- 6 |  7- 9 || total
---------------------------+-------+-------+-------++-------
  Melee: Sling             |       |       |    13 ||    13
         Headbutt          |       |       |     4 ||     4
         Dagger            |       |       |    35 ||    35
         Punch             |       |       |     1 ||     1
   Fire: Sling             |   161 |   281 |   162 ||   604
         Shortbow          |       |       |   343 ||   343
 Invoke: Line Pass         |       |     1 |     3 ||     4
    Use: Scroll            |     6 |     5 |     4 ||    15
         Potion            |       |     1 |     2 ||     3
 Armour: Robe              |    11 |    38 |    75 ||   124
         Skin              |       |    33 |    55 ||    88
  Dodge: Dodged            |    65 |   155 |   298 ||   518
